 Dungeon Crawl Stone Soup version 0.16-a0-3171-gce70061 (webtiles) character file.

952 Ololoev the Chopper (level 7, -7/52 HPs)
             Began as a Mummy Chaos Knight on Dec 16, 2014.
             Was a Plaything of Xom.
             Mangled by an ogre
             ... wielding a +0 giant club
              (21 damage)
             ... on level 6 of the Dungeon.
             The game lasted 00:13:19 (6063 turns).

Ololoev the Chopper (Mummy Chaos Knight)            Turns: 6063, Time: 00:13:19

Health: -7/52      AC: 12    Str: 14    XL:     7   Next: 90%
Magic:  7/7        EV:  6    Int: 11    God:    Xom [.*....]
Gold:   364        SH:  0    Dex: 11    Spells: 0 memorised, 6 levels left

rFire  . . .     SeeInvis +     r - +0 whip (elec)
rCold  . . .     Clarity  .     w - +0 chain mail
rNeg   + + +     SustAb   .     (no shield)
rPois  ∞         Gourm    .     q - +1 hat {SInv}
rElec  .         Spirit   .     (no cloak)
rCorr  .         Warding  .     o - +0 pair of gloves
rMut   .         Stasis   .     j - +0 pair of boots
MR     .....                    (no amulet)
Stlth  ..........               n - ring of fire
                                p - -3 ring of strength (curse)

@: not resistant to hostile enchantments, extremely unstealthy
A: no food or potions, fire vulnerability, restore body, cold resistance 1,
negative energy resistance 3, poison resistance, torment resistance, unbreathing
a: Renounce Religion


You were on level 6 of the Dungeon.
You worshipped Xom.
You were a plaything of Xom.
You were not hungry.

You visited 1 branch of the dungeon, and saw 6 of its levels.

You collected 364 gold pieces.

Notes
Turn   | Place    | Note
--------------------------------------------------------------
     0 | D:1      | Ololoev, the Mummy Chaos Knight, began the quest for the Orb.
     0 | D:1      | Reached XP level 1. HP: 18/18 MP: 1/1
   206 | D:1      | Reached XP level 2. HP: 24/24 MP: 2/2
   620 | D:1      | XOM: harmless Trmt miscast
   654 | D:1      | XOM: potion effect (haste)
   744 | D:2      | Reached XP level 3. HP: 16/29 MP: 3/3
  1375 | D:2      | XOM: divination: detect creatures
  1582 | D:2      | Reached XP level 4. HP: 35/35 MP: 4/4
  1724 | D:3      | Noticed an ogre
  1728 | D:3      | XOM: divination: magic mapping
  1734 | D:3      | XOM: butterfly on damage
  1736 | D:3      | Killed an ogre
  1736 | D:3      | Reached skill level 4 in Axes
  1736 | D:3      | Reached XP level 5. HP: 10/41 MP: 5/5
  1818 | D:3      | XOM: silly message
  2171 | D:3      | XOM: vitrification
  2176 | D:3      | Found a shattered altar of Ashenzari.
  2316 | D:3      | XOM: fog
  2317 | D:3      | HP: 1/41 [orc priest/divine providence (14)]
  2626 | D:2      | XOM: vitrification
  2630 | D:3      | Reached XP level 6. HP: 45/47 MP: 6/6
  2861 | D:3      | Reached skill level 5 in Axes
  3030 | D:3      | XOM: divination: detect items
  3086 | D:3      | XOM: vitrification
  3161 | D:3      | XOM: noise
  3396 | D:3      | XOM: vitrification
  3487 | D:4      | XOM: harmless Ice miscast
  3510 | D:4      | XOM: divination: detect items
  3587 | D:4      | Found a glowing silver altar of Zin.
  3608 | D:4      | Found a stormy altar of Qazlal.
  3609 | D:4      | Noticed a water elemental
  3612 | D:4      | Noticed a fire elemental
  3615 | D:4      | Noticed an air elemental
  4125 | D:4      | XOM: mild Necr miscast
  4481 | D:4      | Reached XP level 7. HP: 39/52 MP: 7/7
  4651 | D:5      | Entered Level 5 of the Dungeon
  4837 | D:5      | Reached skill level 6 in Axes
  4994 | D:5      | XOM: harmless Summ miscast
  5001 | D:5      | XOM: enchant monster (good)
  5066 | D:5      | XOM: noise
  5088 | D:5      | XOM: harmless Divn miscast
  5415 | D:5      | Found a bloodstained altar of Trog.
  5443 | D:6      | XOM: stealth player
  5475 | D:6      | Found a white marble altar of Elyvilon.
  5481 | D:6      | Reached skill level 1 in Maces & Flails
  6063 | D:6      | Mangled by an ogre

Inventory:

Hand weapons
 a - a +0 hand axe of chaos
 r - a +0 whip of electrocution (weapon)
Armour
 j - a +0 pair of boots (worn)
 o - a +0 pair of gloves (worn)
 q - a +1 hat of see invisible (worn)
 w - a +0 chain mail (worn)
Jewellery
 h - an uncursed ring of magical power
 l - an uncursed ring of wizardry
 n - a ring of fire (right hand)
 p - a cursed -3 ring of strength (left hand)
Magical devices
 v - a wand of flame (21)
Scrolls
 b - a scroll of fog {unknown}
 c - 3 scrolls of blinking {unknown}
 d - 9 scrolls of remove curse
 e - 5 scrolls of identify {unknown}
 f - 2 scrolls of teleportation {unknown}
 g - a scroll of random uselessness {unknown}
 i - 2 scrolls of enchant weapon {unknown}
 k - a scroll of immolation {unknown}
 m - a scroll of noise {unknown}
 s - a scroll of recharging {unknown}
 t - a scroll of magic mapping {unknown}
 u - a scroll of enchant armour {unknown}

Table legend:
 A = Turns spent in this place as a percentage of turns spent in the entire game.
 B = Non-inter-level travel turns spent in this place as a percentage of non-inter-level travel turns spent in the entire game.
 C = Inter-level travel turns spent in this place as a percentage of turns spent in this place.
 D = Turns resting spent in this place as a percentage of non-inter-level travel turns spent in this place.
 E = Turns spent auto-exploring this place as a percentage of non-inter-level travel turns spent in this place.
 F = Non-inter-level travel turns spent in this place divided by the number of levels of this place that you've seen.
                   A       B       C       D       E      F
               +-------+-------+-------+-------+-------+----------------------
         Total | 100.0 | 100.0 |   0.6 |   4.9 |  12.2 | 285.2
       Dungeon | 100.0 | 100.0 |   0.6 |   4.9 |  12.2 | 285.2
               +-------+-------+-------+-------+-------+----------------------


   Skills:
 - Level 3.0 Fighting
 - Level 6.4(6.5) Axes
 * Level 1.7(4.4) Maces & Flails
 - Level 4.3 Armour
 - Level 0.7 Dodging
 + Level 0.5 Evocations


You had 6 spell levels left.
You didn't know any spells.

Dungeon Overview and Level Annotations

Branches:
Dungeon (6/15)
 Temple: D:4-7

Altars:
Ashenzari
Elyvilon
Qazlal
Trog
Zin


Innate Abilities, Weirdness & Mutations

You do not eat or drink.
Your flesh is vulnerable to fire.
Your flesh is cold resistant.
You are immune to negative energy.
Your system is resistant to poisons.
You are immune to unholy pain and torment.
You can survive without breathing.


Message History

As you open the door, it creaks loudly!
There is an open door here.
A hobgoblin comes into view. It is wielding a club.
The hobgoblin shouts!
An ogre comes into view. It is wielding a giant club.
You start resting.
You barely miss the hobgoblin. You hit the hobgoblin.
There is a sudden explosion of sparks!
You kill the hobgoblin!
You see here a club.
The ogre shouts!
You hit the ogre.
The ogre is lightly wounded.
The ogre hits you with a giant club!
You barely miss the ogre.
The ogre is lightly wounded.
The ogre hits you with a giant club!!
You barely miss the ogre.
The ogre is lightly wounded.
You hit the ogre but do no damage.
The ogre is lightly wounded.
The ogre completely misses you.
You closely miss the ogre.
The ogre is lightly wounded.
The ogre hits you with a giant club!
You hit the ogre.
The ogre is moderately wounded.
You hit the ogre.
The ogre is heavily wounded.
The ogre hits you but does no damage.
You barely miss the ogre.
The ogre is heavily wounded.
The ogre closely misses you.
You hit the ogre but do no damage.
The ogre is heavily wounded.
You hit the ogre.
The ogre is heavily wounded.
The ogre hits you with a giant club!!
You die...
Xom thinks this is hilarious!

#..........# #.#.##
#.....############.#..#
+.....'.............>.#
#.....#..).....###.##.#
#...%.#.######.# #!##+#
...#####.# #.#... ##.
#.# #†#... ###+#####.#
#.#... .......O@.#
#..... ..........#
####.. ........... ##.
........#### ########.
........# #........
######## #........
#........ #........
#........


You could see an ogre.

Table legend:
 A = Kills in this place as a percentage of kills in entire the game.
 B = Kills by you in this place as a percentage of kills by you in the entire game.
 C = Kills by friends in this place as a percentage of kills by friends in the entire game.
 D = Other kills in this place as a percentage of other kills in the entire game.
 E = Experience gained in this place as a percentage of experience gained in the entire game.
 F = Experience gained in this place divided by the number of levels of this place that you have seen.
                   A       B       C       D       E      F
               +-------+-------+-------+-------+-------+----------------------
         Total | 100.0 | 100.0 |  -nan | 100.0 | 100.0 | 226.7
       Dungeon | 100.0 | 100.0 |  -nan | 100.0 | 100.0 | 226.7
               +-------+-------+-------+-------+-------+----------------------

Vanquished Creatures
  A phantom (D:5)
  2 ogres
  2 scorpions
  2 orc priests
  A giant frog zombie (D:6)
  A crimson imp (D:4)
  A hound (D:3)
  3 orc wizards
  3 worker ants
  3 gnolls (D:4)
  A shadow imp (D:5)
  10 adders
  A giant mite (D:4)
  A worm (D:2)
  2 adder skeletons
  An ooze (D:1)
  2 giant geckos
  19 orcs
  7 hobgoblins
  15 jackals
  2 ball pythons (D:3)
  10 bats
  2 giant cockroaches (D:2)
  4 giant newts
  11 goblins
  16 kobolds
  4 quokkas
  13 rats
140 creatures vanquished.

Vanquished Creatures (others)
  A giant gecko (D:1)
  An orc (D:4)
  A kobold (D:5)
  A plant (D:3)
4 creatures vanquished.

Grand Total: 144 creatures vanquished

Action                   |  1- 3 |  4- 6 |  7- 9 || total
-------------------------+-------+-------+-------++-------
Melee: Hand axe          |   114 |   242 |     8 ||   364
       Whip              |       |       |   107 ||   107
  Use: Scroll            |       |     1 |       ||     1
 Stab: Paralysed         |       |     6 |       ||     6
       Confused          |       |     1 |       ||     1
       Petrifying        |       |     1 |       ||     1

Vault maps used:
D:1:      grunt_arrival_lava_bath
D:2:      minmay_door_path, minivault_26
D:3:      ashenzari_conservatory_becter, serial_forest,
          infiniplex_forest_lined_corner, infiniplex_forest_lined_3,
          infiniplex_forest_end_2, infiniplex_forest_clump_medium,
          infiniplex_forest_lined_corner, infiniplex_forest_straight_1,
          infiniplex_forest_clump_cross, infiniplex_forest_clump_diagonal,
          first_bread
D:4:      nicolae_qazlal_style_of_elements, old_standard_altar
D:5:      kennysheep_mini
D:6:      elyvilon_altar_5
